 Dungeon Crawl Stone Soup version 0.28-a0-1159-g27aa881441 (webtiles) character file.

Game seed: 2402471322995688908

221 ytrimaz the Insei (level 5, -8/34 HPs)
             Began as an Octopode Transmuter on Dec 15, 2021.
             Killed by divine providence
             ... invoked by an orc priest
              (11 damage)
             ... on level 5 of the Dungeon.
             The game lasted 00:04:12 (4135 turns).

ytrimaz the Insei (Octopode Transmuter)             Turns: 4135, Time: 00:04:13

Health: -8/34      AC:  2    Str:  9    XL:     5   Next: 98%
Magic:  5/9        EV: 19    Int: 17    God:
Gold:   265        SH:  0    Dex: 18    Spells: 0/10 levels left

rFire   . . .      SeeInvis .     - Unarmed
rCold   . . .      Faith    .   (shield currently unavailable)
rNeg    . . .      Spirit   .   (helmet currently unavailable)
rPois   x          Reflect  .   (no amulet)
rElec   .          Harm     .   c - ring of wizardry
rCorr   .          Rampage  .   (no ring)
Will    .....                   (no ring)
Stlth   ++........              (no ring)
HPRegen 0.11/turn               (no ring)
MPRegen 0.11/turn               (no ring)
                                (no ring)
                                (no ring)

@: spider-form, wereblooded
A: venomous fangs, almost no armour, (amphibious), 8 rings, tiny, (camouflage
1), (gelatinous body 1), (nimble swimmer 1), (tentacles)
a: End Transformation


You were on level 5 of the Dungeon.
You were a venomous arachnid creature.
You visited 1 branch of the dungeon, and saw 5 of its levels.

You collected 265 gold pieces.

Inventory:

Jewellery
 c - a ring of wizardry (left front leg)
Scrolls
 g - 2 scrolls of brand weapon
 h - a scroll of identify {unknown}
 i - a scroll of blinking {unknown}
Potions
 a - a potion of flight
 b - a potion of curing {unknown}
 d - 2 potions of attraction {unknown}
 e - a potion of berserk rage {unknown}
 f - a potion of haste {unknown}


   Skills:
 * Level 2.2 Fighting
 - Level 2.0 Dodging
 + Level 4.1 Unarmed Combat
 * Level 3.3 Spellcasting
 * Level 3.1 Transmutations
 * Level 2.0 Poison Magic


You couldn't memorise any spells.
You knew the following spells:

 Your Spells              Type           Power      Damage    Failure   Level
a - Spider Form           Tmut/Pois      11%        N/A       16%         3
b - Wereblood             Tmut           13%        N/A       8%          2
c - Ice Form              Ice/Tmut       8%         N/A       50%         4
d - Beastly Appendage     Tmut           26%        N/A       6%          1

Your spell library contained the following spells:

 Spells                   Type           Power      Damage    Failure   Level
 Magic Dart               Conj           8%         1d3       16%         1
 Slow                     Hex            8%         N/A       16%         1
 Call Imp                 Summ           2%         N/A       21%         2
 Mephitic Cloud           Conj/Pois/Air  5%         N/A       28%         3
 Confusing Touch          Hex            2%         N/A       34%         3
 Tukima's Dance           Hex            2%         N/A       34%         3
 Passage of Golubria      Tloc           2%         N/A       69%         4
 Yara's Violent Unravell  Hex/Tmut       4%         3d4       80%         5


Dungeon Overview and Level Annotations

Branches:
Dungeon (4/15)
 Temple: D:4-7

Altars:

Shops:
D:1 =


Innate Abilities, Weirdness & Mutations

You are a venomous arachnid creature.
You have poisonous fangs.
You are tiny and dextrous.
Your spellcasting is less reliable in this form.
Your armour is entirely melded.
You are incapable of wielding weapons or throwing items.
You cannot wear most types of armour.
((You are amphibious.))
You can wear up to eight rings at the same time.
((Your skin changes colour to match your surroundings (Stealth+).))
((Your rubbery body absorbs attacks. (AC +1, EV +1)))
((You are camouflaged near water. (Stealth+)))
((You have tentacles for arms and can constrict up to eight enemies at once.))


Message History

You see here a +0 dagger.
A sourceless malevolence fills the Dungeon...
You fall into a shaft and drop 1 floor!
The shaft crumbles and collapses.
You see here a +0 quarterstaff.
An orc and 3 orc priests come into view.
An orc priest is wielding a +0 dagger of draining.
Found 18 gold pieces.
There are monsters nearby!
Unknown command.
Casting: Ice Form (extremely dangerous; 32% risk of failure)
Confirm with . or Enter, or press ? or * to list all spells.
You turn into a venomous arachnid creature.
Casting: Spider Form (quite dangerous; 16% risk of failure)
Confirm with . or Enter, or press ? or * to list all spells.
Your blood is infused with primal strength.
The orc priest shouts! x2
The orc shouts!
You hit the orc priest but do no damage.
You hit the orc priest.
The orc priest is poisoned.
The orc priest is lightly wounded.
The orc priest misses you.
You barely miss the orc priest.
The orc priest is lightly wounded.
The orc priest miscasts a cantrip.
You barely miss the orc priest.
The orc priest is moderately wounded.
The orc priest calls down the wrath of Beogh upon you.
Beogh smites you! The orc priest completely misses you.
The orc completely misses you.
You hit the orc priest.
The orc priest looks as sick as possible!
The orc priest is moderately wounded.
The orc priest hits you with a +0 whip. The orc hits you with a +0 dagger.
The orc priest mumbles some strange prayers to Beogh against you.
Beogh smites you!
* * * LOW HITPOINT WARNING * * *
The orc priest mumbles some strange prayers to Beogh against you.
Beogh smites you!
You die...

#...#
####...####
###.........#
............#
#.....)...#
####...####
#...# #...#
##s#####...
#o.ooo..#
#########


You could see 3 orc priests and an orc.

Vanquished Creatures
  2 hounds (D:4)
  6 adders
  4 gnolls
  A dart slug (D:4)
  5 orcs
  4 endoplasms
  A giant cockroach (D:2)
  3 goblins
  5 hobgoblins
  2 jackals (D:3)
  7 kobolds
  2 quokkas (D:1)
  8 ball pythons
  8 bats
  6 frilled lizards
  4 rats
68 creatures vanquished.

Notes
Turn   | Place    | Note
-------+----------+-------------------------------------------
     0 | D:1      | ytrimaz the Octopode Transmuter began the quest for the
                  | Orb.
     0 | D:1      | Reached XP level 1. HP: 13/13 MP: 3/3
    31 | D:1      | Reached XP level 2. HP: 5/18 MP: 3/5
   324 | D:1      | Found Ciucetaf's Jewellery Shoppe.
   622 | D:1      | Reached XP level 3. HP: 18/23 MP: 4/6
   625 | D:1      | Learned a level 2 spell: Wereblood
   629 | D:1      | Learned a level 3 spell: Spider Form
  1121 | D:2      | Reached XP level 4. HP: 27/29 MP: 4/7
  2719 | D:3      | Reached skill level 1 in Poison Magic
  2727 | D:3      | Reached XP level 5. HP: 24/34 MP: 6/9
  3529 | D:4      | Learned a level 4 spell: Ice Form
  3712 | D:4      | Reached skill level 4 in Unarmed Combat
  4120 | D:4      | You fall into a shaft and drop 1 floor!
  4120 | D:5      | Entered Level 5 of the Dungeon
  4135 | D:5      | Killed from afar by an orc priest

Illustrated notes

Levels and vault maps discovered:
D:1:      dpeg_arrival_fog, layout_rooms, serial_shops, nicolae_square_shop
D:2:      minmay_chambers_of_twos, layout_basic
D:3:      layout_loops_ring, minivault_27
D:4:      layout_loops_ring, minmay_temple_entry_mist,
          minmay_fractal_squares_gapless_5, uniq_ijyb
D:5:      layout_loops_ring, mainiacjoe_overflow_chevrons, kennysheep_mini

Skill      XL: |  1  2  3  4  5 |
---------------+----------------+-----
Fighting       | 2 |  2.2
Poison Magic   | 1 2 |  2.0
Spellcasting   | 3 |  3.3
Unarmed Combat | 4 |  4.1
Transmutations | 3 |  3.1
Dodging        | |  2.0

Action                   |  1- 3 |  4- 6 || total
-------------------------+-------+-------++-------
Melee: Unarmed           |    49 |   115 ||   164
       Tentacles         |    11 |     2 ||    13
       Constrict         |    10 |     7 ||    17
       Kick              |     3 |     1 ||     4
       Punch             |     1 |       ||     1
 Cast: Beastly Appendage |    10 |     6 ||    16
       Spider Form       |     2 |    20 ||    22
       Ice Form          |       |     1 ||     1
       Wereblood         |       |     1 ||     1
  Use: Scroll            |     4 |     4 ||     8
       Potion            |       |     1 ||     1
 Stab: Sleeping          |     2 |     4 ||     6
Armor: Skin              |     1 |     7 ||     8
Dodge: Dodged            |    42 |    92 ||   134

Table legend: (Time is in decaauts)
 A = Elapsed time spent in this place.
 B = Non-inter-level travel time spent in this place.
 C = Inter-level travel time spent in this place.
 D = Time resting spent in this place.
 E = Time spent auto-exploring this place.
 F = Levels seen in this place.
 G = Mean time per level.
                   A        B        C        D        E       F      G
               +--------+--------+--------+--------+--------+-----+--------+
         Total |   4122 |   4049 |     73 |     50 |   3430 |   5 |  824.4 |
       Dungeon |   4122 |   4049 |     73 |     50 |   3430 |   5 |  824.4 |
               +--------+--------+--------+--------+--------+-----+--------+

Top non-repeatable levels by time:
     D:2: 1542 daAuts
     D:1: 962 daAuts
     D:3: 941 daAuts
     D:4: 661 daAuts
     D:5: 14 daAuts
